Match 46198349
Unlisted

Match 46198349
End
Selects Italian Coastal Battlegroup
Selects Italian Coastal Battlegroup
Selects Coastal Reserves
Coastal Reserve
Coastal Reserve
Coastal Reserve
Construct Infanterie Kompanie
MG 42 Machine Gun Team
Medical Station
Construct Luftwaffe Kompanie
Selects Artillery Officer
Artillery Officer
Support Elements
Pioneer Squad
Selects Support Bunkers
Wirbelwind Flakpanzer
Selects Rapid Fortifications
Rapid Fortifications
Wirbelwind Flakpanzer
Marder III M Tank Destroyer
Rapid Fortifications
MG 42 Bunker
Marder III M Tank Destroyer
MG 42 Machine Gun Team
221 Scout Car
Construct Panzergrenadier Kompanie
Construct Panzergrenadier Kompanie
Selects Bulwark
Selects Obice da 210/22 Artillery Emplacement
Rapid Fortifications
MG 42 Bunker
Pak 40 Anti-tank Gun Team
StuG III G Assault Gun
星际喵喵
Liberator4515
0
0

Comments sign in to comment!

No comments posted yet!